 Dungeon Crawl Stone Soup version 0.20-a0-1056-g7622305 (webtiles) character file.

39 M4edhros the Sneak (level 3, -6/23 HPs)
             Began as an Octopode Artificer on Apr 26, 2017.
             Shot with a stone by a goblin (8 damage)
             ... on level 2 of the Dungeon.
             The game lasted 00:01:15 (510 turns).

M4edhros the Sneak (Octopode Artificer)              Turns: 510, Time: 00:01:17

Health: -6/23      AC:  1    Str: 11    XL:     3   Next: 47%
Magic:  5/5        EV: 13    Int: 18    God:
Gold:   54         SH:  0    Dex: 13    Spells: 2/2 levels left

rFire    . . .     SeeInvis .   a - +0 short sword
rCold    . . .     Gourm    .   (no shield)
rNeg     . . .     Faith    .   (helmet restricted)
rPois    .         Spirit   .   (no amulet)
rElec    .         Reflect  .   (no ring)
rCorr    .         Harm     .   (no ring)
MR       .....                  (no ring)
Stlth    ++++......             (no ring)
Regen    0.1/turn               (no ring)
MPRegen  0.1/turn               (no ring)
                                (no ring)
                                (no ring)

@: brilliant
A: almost no armour, stealthy swim, amphibious, 8 rings, constrict 8, camouflage
1, gelatinous body 1
a: no special abilities


You were on level 2 of the Dungeon.
You were not hungry.

You visited 1 branch of the dungeon, and saw 2 of its levels.

You collected 54 gold pieces.

Inventory:

Hand Weapons
 a - a +0 short sword (weapon)
Wands
 b - a wand of flame (15/48)
 c - a wand of enslavement (14/24)
 d - a wand of random effects (15/48)
Scrolls
 e - a scroll of fog {unknown}
 g - a scroll of noise {unknown}
 h - a scroll of teleportation {unknown}
 j - a scroll of identify {unknown}
 n - a scroll of immolation {unknown}
Potions
 i - a potion of brilliance
 o - a potion of magic {unknown}
Comestibles
 f - a bread ration
 k - a royal jelly
 l - 2 chunks of flesh
 m - a meat ration


   Skills:
 - Level 1.0 Fighting
 - Level 1.0 Short Blades
 - Level 2.0 Dodging
 + Level 4.7 Stealth
 - Level 3.2 Evocations


You had 2 spell levels left.
You didn't know any spells.

Dungeon Overview and Level Annotations

Branches:
Dungeon (2/15)

Altars:


Innate Abilities, Weirdness & Mutations

You cannot wear most types of armour.
You are very stealthy in the water. (Stealth+)
You are amphibious.
You can wear up to eight rings at the same time.
You can use your tentacles to constrict eight enemies at once.
Your skin changes colour to match your surroundings (Stealth+).
Your rubbery body absorbs attacks. (AC +1, EV +1)


Message History

It was a potion of brilliance.
You feel clever all of a sudden.
Evoke which item? (* to show all) (? for menu, Esc to quit)
Aiming: Enslavement
Press: ? - help, Shift-Dir - straight line, f - goblin
Aim: a goblin, wielding a dagger of draining (chance to defeat MR: 72%)
The goblin is charmed.
This wand has 14 charges left.
The goblin unwields an uncursed hunting sling.
The goblin wields an uncursed dagger.
The goblin hits your goblin but does no damage.
The goblin shoots a stone.
The stone hits your goblin but does no damage.
Your goblin misses the goblin. Your goblin misses the goblin.
The goblin shoots a stone.
The stone barely misses your goblin. The stone hits you but does no damage.
The goblin unwields an uncursed dagger.
The goblin wields an uncursed hunting sling.
The goblin shoots a stone.
The stone barely misses your goblin. The stone hits you!
You die...

.........# ## ....
....####.# .. ...g
.......#.# #.## ...g.
.........# #... ..g..
....<..#.#.#..#.g..g.
....####.#.#..#..8.8.
.........#.....h.#
...#####.###.g######
...# #.##..gg(@.(#
#.## #.###..####.#
#.# #.####.# # #.#
#^.....# ########


You could see 2 goblins and a friendly goblin.

Vanquished Creatures
  An ooze (D:1)
  A dart slug (D:1)
  A leopard gecko (D:1)
  A giant cockroach (D:1)
  4 goblins
  2 hobgoblins (D:1)
  8 jackals
  2 kobolds (D:1)
  2 bats (D:1)
  3 frilled lizards
  3 rats
28 creatures vanquished.

Notes
Turn   | Place    | Note
-------+----------+-------------------------------------------
     0 | D:1      | M4edhros the Octopode Artificer began the quest for the Orb.
     0 | D:1      | Reached XP level 1. HP: 13/13 MP: 3/3
    19 | D:1      | Reached skill level 2 in Stealth
    61 | D:1      | Reached skill level 3 in Stealth
    61 | D:1      | Reached XP level 2. HP: 17/18 MP: 4/4
   270 | D:1      | Reached skill level 4 in Stealth
   272 | D:1      | Reached XP level 3. HP: 22/23 MP: 5/5
   510 | D:2      | Shot with a stone by a goblin

Vault maps used:
D:1:      dpeg_arrival_rhombus
D:2:      kennysheep_the_goblin_king, nicolae_tso_swordbearing_angel,
          grunt_qazlal_clouds, minmay_divided_ellipse

Skill      XL: |  1  2 |
---------------+-------+-----
Stealth        | 3 4 |  4.7
Fighting       | |  1.0
Short Blades   | |  1.0
Dodging        | |  2.0
Evocations     | |  3.2

Action                   || total
-------------------------++-------
Melee: Short sword       ||    56
       Constrict         ||    17
       Tentacles         ||     6
Evoke: Wand              ||     1
  Use: Potion            ||     1
 Stab: Sleeping          ||     6
Armor: Skin              ||     2
Dodge: Dodged            ||    37
